 Dungeon Crawl Stone Soup version 0.31.0-11-ge490571c62 (webtiles) character file.

Game seed: 6984575632304520036

691 qw the Skirmisher (level 7, -2/40 HPs)
             Began as a Deep Elf Hunter on Feb 5, 2024.
             Was an Initiate of Okawaru.
             Incinerated by a bombardier beetle (5 damage)
             ... with a burning spray
             ... on level 5 of the Dungeon.
             The game lasted 00:00:49 (3004 turns).

qw the Skirmisher (Deep Elf Hunter)                 Turns: 3004, Time: 00:00:49

Health: -2/40      AC:  8    Str: 10    XL:     7   Next: 36%
Magic:  9/9        EV: 14    Int: 11    God:    Okawaru [......]
Gold:   172        SH:  0    Dex: 18    Spells: 6/6 levels left

rFire   . . .        p - +0 longbow (flame)
rCold   . . .        (shield currently unavailable)
rNeg    . . .        l - +2 robe of Makhleb's Delight {+Blink rPois Will++ Int-3}
rPois   +            b - +0 helmet
rElec   .            d - +0 cloak
rCorr   .            m - +1 pair of gloves
SInv    .            (no boots)
Will    +++..        (no amulet)
Stlth   +            (no ring)
HPRegen 0.26/turn    (no ring)
MPRegen 0.11/turn

%: no passive effects
@: on fire, about to teleport, glowing
A: strong-willed 1
a: Renounce Religion, Evoke Blink


You were on level 5 of the Dungeon.
You worshipped Okawaru.
Okawaru was noncommittal.
You visited 1 branch of the dungeon, and saw 5 of its levels.

You collected 268 gold pieces.
You spent 96 gold pieces at shops.


Innate Abilities, Weirdness & Mutations

You are strong-willed. (Will+)


   Skills:
 - Level 2.2 Fighting
 + Level 10.8 Ranged Weapons
 - Level 4.4 Dodging
 - Level 1.2 Stealth


You had 6 spell levels left.
You didn't know any spells.
Your spell library was empty.

Inventory:

Hand Weapons
 p - a +0 longbow of flaming (weapon)
Armour
 b - a +0 helmet (worn)
 d - a +0 cloak (worn)
 j - a +0 ring mail
 l - the +2 robe of Makhleb's Delight (worn) {+Blink rPois Will++ Int-3}
   (You bought it in a shop on level 2 of the Dungeon)

   Int-3:     It affects your intelligence (-3).
   rPois:     It protects you from poison Will++: It greatly increases your
   willpower.
   +Blink:    It lets you blink.
 m - a +1 pair of gloves (worn)
Jewellery
 q - a ring of poison resistance
Scrolls
 h - a scroll of teleportation
Potions
 c - 2 potions of mutation
 e - a potion of might {unknown}
 g - a potion of cancellation
 i - a potion of curing
 k - a potion of lignification {unknown}
 o - 2 potions of attraction {unknown}

Dungeon Overview and Level Annotations

Branches:
Dungeon (5/15)             Temple (0/1) D:5

Altars:
Gozag
Kikubaaqudgha
Okawaru
Ru
Trog
Wu Jian

Shops:
D:2 [

Annotations:
D:3 2 transporters
D:5 Grinder


Message History

The arrow hits the sky beast!
The arrow burns the sky beast.
The sky beast is heavily wounded.
Grinder blinks!
The orc closely misses you.
You shoot an arrow. The arrow hits the orc!
The arrow burns the orc.
You kill the orc!
Okawaru accepts your kill.
The bombardier beetle sprays incendiary fluid at you.
The burning spray hits you.
You are covered in liquid fire!
You shoot an arrow. The arrow hits the sky beast.
The arrow burns the sky beast.
The sky beast is severely wounded.
The liquid fire burns you!
The sentinel's mark upon you fades away.
The sky beast flickers out of sight!
Deactivating autopickup; reactivate with Ctrl-A.
Something hits you. Something shocks you.
You shoot an arrow. The arrow hits the bombardier beetle.
The arrow burns the bombardier beetle.
The bombardier beetle is heavily wounded.
The liquid fire burns you! Something barely misses you.
You shoot an arrow. The arrow hits the bombardier beetle!
The arrow burns the bombardier beetle.
You kill the bombardier beetle!
Okawaru accepts your kill. The liquid fire burns you!
Something hits you but does no damage. x2
You shoot an arrow.
The arrow hits the ogre but does no damage.
The liquid fire burns you! Something hits you. Something shocks you.
3003 ||| READING 2 scrolls of teleportation.
As you read the scroll of teleportation, it crumbles to dust.
You feel strangely unstable. The liquid fire burns you!
Something hits you but does no damage.
You shoot an arrow. The arrow hits the ogre!
The arrow burns the ogre.
The ogre is severely wounded.
The liquid fire burns you!
You die...

....~~~ #..~~~~ # ..o~~.~
.# ...~~~~ ..
.B..o~~#####.#.#
...............5
........Os..Y#.#.#.....##
..(#.###{###....#..~¤~..#
# # #@# #.#$...~~¤~~..
.##.###.###.# #~~¤~~~~#
....###_..+.# #~¤~>~¤¤.
.#..###.###.# #~~¤~¤¤~.
## #.# #.####.~¤¤~~..
#.###'###.......~~~...
#.........#######...#.
###......## #.##..
####.### ##.###.


You could see an ogre and a scorpion.

Vanquished Creatures
  3 ogres (D:4)
  3 scorpions
  A bombardier beetle (D:5)
  A hound (D:5)
  A jelly (D:5)
  An iguana (D:4)
  4 adders
  3 gnolls (D:2)
  2 ufetubi (D:5)
  A ribbon worm (D:5)
  2 dart slugs
  6 orcs
  9 bats
  7 endoplasms
  A giant cockroach (D:2)
  9 goblins
  6 hobgoblins
  A quokka (D:2)
  3 ball pythons
  4 frilled lizards
  6 kobolds
  5 rats
79 creatures vanquished.

Notes
Turn   | Place    | Note
-------+----------+-------------------------------------------
     0 | D:1      | qw the Deep Elf Hunter began the quest for the Orb.
     0 | D:1      | Reached XP level 1. HP: 12/12 MP: 3/3
     0 | D:1      | 0 ||| qw: Version: 0.3-a-160-g6735b56
     0 | D:1      | 0 ||| qw: Game counter: 6301
     0 | D:1      | 0 ||| qw: Melee chars always use a shield: true
     0 | D:1      | 0 ||| qw: God list: Okawaru
     0 | D:1      | 0 ||| qw: Allow faded altars: false
     0 | D:1      | 0 ||| qw: Do Orc after clearing Dungeon:15 true
     0 | D:1      | 0 ||| qw: Do second Lair branch before Depths: true
     0 | D:1      | 0 ||| qw: Lair rune preference: random
     0 | D:1      | 0 ||| qw: Goals: Normal
     0 | D:1      | 0 ||| PLANNING D:1-11
   173 | D:1      | Reached XP level 2. HP: 16/16 MP: 4/4
   174 | D:1      | Reached skill level 6 in Ranged Weapons
   560 | D:1      | 560 ||| UPGRADING to +0 cloak.
   565 | D:1      | 565 ||| UPGRADING to +0 scale mail.
   575 | D:1      | 575 ||| DROPPING +0 leather armour.
   576 | D:1      | 576 ||| UPGRADING to +0 ring mail.
   586 | D:1      | 586 ||| DROPPING +0 scale mail.
   587 | D:1      | 587 ||| READING 3 scrolls labelled KEWY CUTEZ.
   592 | D:1      | 592 ||| DRINKING 2 fizzy coppery potions.
   593 | D:1      | 593 ||| DROPPING scroll of butterflies.
   654 | D:2      | Reached XP level 3. HP: 14/20 MP: 5/5
   656 | D:2      | Reached skill level 7 in Ranged Weapons
   658 | D:2      | 658 ||| FLEEEEING.
   659 | D:2      | 659 ||| FLEEEEING.
   681 | D:2      | 681 ||| FLEEEEING.
   682 | D:2      | 682 ||| FLEEEEING.
   686 | D:2      | 686 ||| FLEEEEING.
   687 | D:2      | 687 ||| FLEEEEING.
   691 | D:2      | 691 ||| FLEEEEING.
   881 | D:2      | Found an opulent altar of Gozag.
   958 | D:2      | Found Qugu's Antique Armour Emporium.
   966 | D:2      | 966 ||| SHOPLISTING ancient ring mail (153 gold, have 115).
   966 | D:2      | 966 ||| BUYING translucent robe (96 gold).
   966 | D:2      | Bought a translucent robe for 96 gold pieces
   966 | D:2      | Identified the +2 robe of Makhleb's Delight {+Blink rPois
                  | Will++ Int-3} (You bought it in a shop on level 2 of the
                  | Dungeon)
  1055 | D:2      | Reached XP level 4. HP: 25/25 MP: 6/6
  1286 | D:2      | 1286 ||| UPGRADING to +0 helmet.
  1291 | D:2      | 1291 ||| UPGRADING to +2 robe of Makhleb's Delight {+Blink
                  | rPois Will++ Int-3}.
  1301 | D:2      | 1301 ||| UPGRADING to +0 pair of gloves.
  1306 | D:2      | 1306 ||| READING scroll labelled YBOOST COAG JENK.
  1443 | D:3      | Found a bloodstained altar of Trog.
  1553 | D:3      | Found an ancient bone altar of Kikubaaqudgha.
  1606 | D:3      | Found a transporter.
  1686 | D:3      | Found a faded altar of an unknown god.
  1781 | D:3      | Found a transporter.
  1966 | D:3      | Found a sacrificial altar of Ru.
  1967 | D:3      | 1967 ||| READING scroll labelled VOETZY IKOT.
  1968 | D:3      | 1968 ||| READING scroll labelled DERIGR FIMMI.
  1968 | D:3      | 1968 ||| ENCHANTING +0 shortbow.
  1969 | D:3      | 1969 ||| DRINKING 2 metallic pink potions.
  2007 | D:4      | Noticed a scorpion
  2014 | D:4      | Noticed an ogre
  2015 | D:4      | 2015 ||| STAIRDANCE
  2018 | D:3      | Killed a scorpion
  2019 | D:3      | Reached skill level 8 in Ranged Weapons
  2019 | D:3      | Reached XP level 5. HP: 29/29 MP: 7/7
  2023 | D:4      | HP: 4/29 [ogre/+0 giant club (11)]
  2024 | D:4      | 2024 ||| READING 3 scrolls of teleportation.
  2025 | D:4      | 2025 ||| DRINKING potion of heal wounds.
  2109 | D:4      | Reached skill level 3 in Dodging
  2276 | D:4      | 2276 ||| SWAPPING to +0 longbow.
  2277 | D:4      | 2277 ||| DROPPING +1 shortbow.
  2284 | D:4      | Noticed an ogre
  2287 | D:4      | Killed an ogre
  2288 | D:4      | Reached skill level 9 in Ranged Weapons
  2299 | D:4      | Reached XP level 6. HP: 35/35 MP: 8/8
  2462 | D:4      | Reached skill level 10 in Ranged Weapons
  2582 | D:4      | 2582 ||| READING scroll labelled LOD JAUPNIT.
  2582 | D:4      | 2582 ||| BRANDING +0 longbow.
  2583 | D:4      | 2583 ||| READING scroll labelled WAZIER NIKIUMI.
  2684 | D:4      | 2684 ||| DRINKING 3 pink potions.
  2684 | D:4      | Gained mutation: You are strong-willed. (Will+) [potion of
                  | mutation]
  2685 | D:4      | 2685 ||| DRINKING 2 black potions.
  2845 | D:4      | Found an iron altar of Okawaru.
  2846 | D:4      | 2846 ||| PLANNING OKAWARU WORSHIP
  2848 | D:4      | Became a worshipper of Warmaster Okawaru
  2849 | D:4      | 2849 ||| PLANNING D:1-11
  2918 | D:4      | 2918 ||| READING scroll labelled HOMMANG NUVY.
  2918 | D:4      | 2918 ||| ENCHANTING +0 pair of gloves.
  2925 | D:5      | Entered Level 5 of the Dungeon
  2925 | D:5      | Found a staircase to the Ecumenical Temple.
  2945 | D:5      | Reached XP level 7. HP: 40/40 MP: 9/9
  2954 | D:5      | Found an ornate altar of the Wu Jian Council.
  2985 | D:5      | 2985 ||| RETREEEEATING.
  2986 | D:5      | 2986 ||| RETREEEEATING.
  2986 | D:5      | Noticed Grinder
  2987 | D:5      | 2987 ||| RETREEEEATING.
  3002 | D:5      | HP: 8/40 [something (5)]
  3003 | D:5      | 3003 ||| READING 2 scrolls of teleportation.
  3003 | D:5      | HP: 3/40 [burnt (5)]
  3004 | D:5      | Incinerated by a bombardier beetle

Levels and vault maps discovered:
D:1:      matt_arrival_refuge, layout_basic
D:2:      layout_loops_cross, basic_altar, serial_shops, shop, minmay_between
D:3:      gammafunk_steamed_eel, layout_loops_ring, old_standard_altar,
          mainiacjoe_overflow_swirl, shapermc_ecumenical_altar_ellora
D:4:      minmay_door_path, layout_gridville, kennysheep_mini_moat,
          minmay_misc_feat_encased, roderic_batcave
D:5:      layout_loops_ring, nemelex_spade_bored_becter, lemuel_doored_altar,
          kennysheep_slug_shrine, minmay_temple_entry_mist, uniq_grinder

Skill      XL: |  1  2  3  4  5  6  7 |
---------------+----------------------+-----
Ranged Weapons | 6 7 8 9 10 | 10.8
Dodging        | 3 4 |  4.4
Fighting       | 2 |  2.2
Stealth        | |  1.2

Action                     |  1- 3 |  4- 6 |  7- 9 || total
---------------------------+-------+-------+-------++-------
   Fire: Shortbow          |    91 |    54 |       ||   145
         Longbow           |       |    47 |    30 ||    77
    Use: Scroll            |     1 |     7 |     1 ||     9
         Potion            |     1 |     4 |       ||     5
 Armour: Ring mail         |    13 |     1 |       ||    14
         Robe              |       |    26 |    13 ||    39
  Dodge: Dodged            |    12 |    42 |    12 ||    66

Table legend:
 A = Non-vault XP
 B = Vault XP
 C = Vault XP percentage of total XP
 D = Non-vault monster count
 E = Vault monster count
 F = Vault count percentage of total count
                 A         B        C        D         E       F
            +---------+---------+-------+---------+---------+-------
      Total |     836 |     152 |  15.4 |      64 |      15 |  19.0
            +---------+---------+-------+---------+---------+-------
        D:1 |      31 |       0 |   0.0 |      19 |       0 |   0.0
        D:2 |      70 |       5 |   6.7 |      20 |       3 |  13.0
        D:3 |     103 |       0 |   0.0 |       6 |       0 |   0.0
        D:4 |     357 |     143 |  28.6 |       6 |      11 |  64.7
        D:5 |     275 |       4 |   1.4 |      13 |       1 |   7.1
            +---------+---------+-------+---------+---------+-------
